 Dungeon Crawl Stone Soup version 0.28.0-1-gb440e238dd (webtiles) character file.

Game seed: 17066506062597744182

5163 croobank the Covert (level 10, -11/48 (50) HPs)
             Began as an Octopode Fire Elementalist on Feb 19, 2022.
             Was a Believer of Hepliaklqana.
             Mangled by an orc warrior (14 damage)
             ... on level 9 of the Dungeon.
             The game lasted 00:40:11 (12557 turns).

croobank the Covert (Octopode Fire Elementalist)   Turns: 12557, Time: 00:40:11

HP:   -11/48 (50)   AC:  1    Str:  8    XL:     10   Next: 59%
MP:   0/19          EV: 15    Int: 21    God:    Hepliaklqana [**....]
Gold: 334           SH:  0    Dex: 13    Spells: 11/21 levels left

rFire   . . .      SeeInvis .   a - +4 quarterstaff (chaos)
rCold   . . .      Faith    .   (shield currently unavailable)
rNeg    . . .      Spirit   +   (helmet restricted)
rPois   .          Reflect  .   D - amulet of guardian spirit
rElec   .          Harm     .   (no ring)
rCorr   .          Rampage  .   (no ring)
Will    .....                   (no ring)
Stlth   +++.......              (no ring)
HPRegen 0.16/turn               (no ring)
MPRegen 0.16/turn               (no ring)
                                (no ring)
                                (no ring)

@: confused, flying, lightly drained
A: reduced essence, almost no armour, amphibious, 8 rings, camouflage 1,
gelatinous body 1, (nimble swimmer 1), tentacles
a: Renounce Religion, Recall Ancestor, Ancestor Identity


You were on level 9 of the Dungeon.
You worshipped Hepliaklqana.
Hepliaklqana was pleased with you.
You visited 2 branches of the dungeon, and saw 10 of its levels.
You also visited: Sewer.

You collected 334 gold pieces.

Inventory:

Hand Weapons
 a - a +4 quarterstaff of chaos (weapon)
 b - a +0 hunting sling
 g - a +0 spear of freezing
 u - a +5 vorpal mace
 z - a +0 shortbow
 N - a +2 dagger of draining
Missiles
 e - 343 stones
 h - 129 arrows
 i - 11 poisoned darts
 j - 116 sling bullets
 k - 48 bolts
 v - 5 curare-tipped darts (quivered)
 x - 4 boomerangs
 L - 4 javelins
Jewellery
 D - an amulet of guardian spirit (around mantle)
 J - an amulet of the acrobat
 K - a ring of protection from cold
Wands
 p - a wand of mindburst (22)
 s - a wand of acid (12)
 F - a wand of flame (25)
 M - a wand of polymorph (9)
Scrolls
 d - a scroll of amnesia {unknown}
 f - a scroll of blinking
 n - 4 scrolls of teleportation
 y - a scroll of fear
Potions
 l - a potion of lignification
 o - 2 potions of ambrosia
 q - 2 potions of might
 r - a potion of invisibility {unknown}
 t - a potion of attraction {unknown}
 A - a potion of berserk rage {unknown}
 B - a potion of heal wounds {unknown}
 C - a potion of resistance {unknown}
 E - a potion of brilliance


   Skills:
 + Level 6.7 Dodging
 + Level 9.5 Stealth
 + Level 6.1 Spellcasting
 + Level 6.3 Conjurations
 + Level 7.0 Fire Magic
 + Level 6.8 Poison Magic


You had 11 spell levels left.
You knew the following spells:

 Your Spells              Type           Power      Damage    Failure   Level
a - Foxfire               Conj/Fire      100%       2x1d9     1%          1
b - Scorch                Fire           70%        2d9       1%          2
c - Flame Wave            Conj/Fire      34%        2d8       6%          4
d - Mephitic Cloud        Conj/Pois/Air  24%        N/A       4%          3

Your spell library contained the following spells:

 Spells                   Type           Power      Damage    Failure   Level
 Magic Dart               Conj           100%       1d8       1%          1
 Conjure Flame            Conj/Fire      34%        6-21      1%          3
 Inner Flame              Hex/Fire       21%        N/A       7%          3
 Stone Arrow              Conj/Erth      38%        3d9       8%          3
 Sandblast                Erth           12%        2d6       10%         1
 Call Imp                 Summ           6%         N/A       14%         2
 Passwall                 Tmut/Erth      5%         N/A       14%         2
 Summon Lightning Spire   Summ/Air       6%         N/A       67%         4
 Storm Form               Tmut/Air       3%         N/A       100%        7
 Maxwell's Capacitive Co  Air            3%         ∞         100%        8


Dungeon Overview and Level Annotations

Branches:
Dungeon (9/15)             Temple (1/1) D:6            Lair (0/6) D:8
  Sewer (visited)
    Orc: D:9-12

Altars:
Ashenzari
Cheibriados
Dithmenos
Elyvilon
Fedhas
Gozag
Hepliaklqana
Kikubaaqudgha
Makhleb
Nemelex Xobeh
Okawaru
Qazlal
Ru
Sif Muna
Trog
Uskayaw
Vehumet
Wu Jian
Xom
Yredelemnul
Zin
The Shining One

Shops:
D:1 :

Annotations:
D:6 1 runed translucent door, SweetAndFullOfGrace's ghost, novice MiBe


Innate Abilities, Weirdness & Mutations

Your life essence is reduced to manifest your ancestor. (-10% HP)
You cannot wear most types of armour.
You are amphibious.
You can wear up to eight rings at the same time.
Your skin changes colour to match your surroundings (Stealth+).
Your rubbery body absorbs attacks. (AC +1, EV +1)
((You are camouflaged when in or above water. (Stealth+)))
You have tentacles for arms and can constrict up to eight enemies at once.


Message History

The orc wizard closely misses you.
Teicuih hits the orc wizard with a +0 quarterstaff!!
The orc wizard dies!
Teicuih hits something with a +0 quarterstaff!
You're too confused to move!
The orc warrior hits you from afar with a +0 trident!
You hear some strange, mumbled words.
Teicuih resists with some effort.
The orc warrior hits you from afar with a +0 trident!
Teicuih hits something with a +0 quarterstaff!
Reactivating autopickup.
You feel a bit more experienced.
Okay, then.
An orc comes into view. It is wielding a +0 club.
The wight throws a stone.
The stone misses you. The orc warrior barely misses you.
You miss the orc warrior. The orc warrior misses you.
The wight closely misses you.
A wight comes into view. It is wielding a +0 short sword.
The orc warrior hits you with a +0 trident!
The orc hits you with a +0 whip.
Teicuih hits the orc warrior with a +0 quarterstaff!
The wight hits you with a +4 flail of freezing!
* * * LOW HITPOINT WARNING * * *
You feel drained.
* * * LOW HITPOINT WARNING * * *
The wight freezes you!
* * * LOW HITPOINT WARNING * * *
Okay, then.
Okay, then.
You are too confused!
The orc warrior closely misses you.
Teicuih hits the orc warrior with a +0 quarterstaff!
The orc warrior barely misses you.
You are too confused!
It was a potion of flight.
You feel very buoyant.
You fly up into the air.
The orc warrior hits you from afar with a +0 trident!
You die...

## .# #.#........#
.##.## #..........##
..#..#####..z........#
#....................#
##....####....o......#
.R..#.# #...........#
.#.##.## #...Ro......#
##.##..####..).zo...#
##.)...........z@..##
###.........######## #
#.........## #
#....##....#
###....##.##.##
....##.....#..#
######.....##.#
#.....##.#
#.....##.#####


You could see the friendly Teicuih the battlemage, an orc warrior (fast, ally
target), 3 wights and 2 orcs.

Vanquished Creatures
  A cyclops (D:8)
  An elephant (D:8)
  Prince Ribbit (D:7)
  A wyvern (D:8)
  Menkaure (D:4)
  Pargi (Sewer)
  4 black bears
  3 necrophages
  3 ogres
  A centaur (D:5)
  Blork the orc (D:5)
  A bullfrog (D:5)
  A scorpion (D:6)
  A wyvern zombie (D:6)
  2 water moccasin zombies
  3 killer bees (D:9)
  A vampire bat (D:4)
  A howler monkey (D:4)
  2 centaur zombies (D:5)
  An orc priest (D:8)
  A centaur skeleton (D:6)
  3 hounds (D:6)
  Crazy Yiuf (D:4)
  A bullfrog skeleton (D:6)
  4 jellies
  Terence (D:3)
  3 orc wizards
  13 gnolls
  5 adders
  4 white imps
  2 ufetubi
  2 worms (D:3)
  A dart slug (D:1)
  19 orcs
  8 ball pythons
  14 bats
  7 endoplasms
  10 giant cockroaches
  7 goblins
  10 hobgoblins
  6 jackals
  8 quokkas
  A frilled lizard (D:4)
  10 kobolds
  2 rats
174 creatures vanquished.

Vanquished Creatures (collateral kills)
  A hornet (D:7)
  A yak (D:8)
  A shadow (D:9)
  A wyvern (D:8)
  An orc warrior (D:9)
  2 black bears (D:8)
  2 centaurs
  A bullfrog (D:8)
  A gnoll sergeant (D:8)
  A scorpion (D:7)
  2 killer bees (D:9)
  A wight (D:8)
  A howler monkey (D:9)
  A centaur zombie (D:9)
  An orc priest (D:8)
  3 orc wizards
  A gnoll (D:8)
  4 orcs
26 creatures vanquished.

Vanquished Creatures (others)
  2 ancestors (D:8)
  299 foxfires
  4 fungi
  8 plants (D:2)
313 creatures vanquished.

Grand Total: 513 creatures vanquished

Notes
Turn   | Place    | Note
-------+----------+-------------------------------------------
     0 | D:1      | croobank the Octopode Fire Elementalist began the quest for
                  | the Orb.
     0 | D:1      | Reached XP level 1. HP: 11/11 MP: 3/3
   122 | D:1      | Reached XP level 2. HP: 17/17 MP: 1/5
   124 | D:1      | Reached skill level 3 in Stealth
   128 | D:1      | Learned a level 2 spell: Scorch
   644 | D:1      | Reached XP level 3. HP: 21/21 MP: 1/6
   794 | D:1      | Found Miluh's Book Emporium.
  1345 | D:2      | Found a faded altar of an unknown god.
  1694 | D:2      | Reached XP level 4. HP: 23/27 MP: 3/7
  1707 | D:2      | Learned a level 4 spell: Flame Wave
  2300 | D:3      | Found a glowing drain.
  2394 | Sewer    | Entered a sewer
  2522 | Sewer    | Noticed Pargi
  2674 | Sewer    | Killed Pargi
  2675 | Sewer    | Reached skill level 4 in Stealth
  2675 | Sewer    | Reached XP level 5. HP: 31/31 MP: 5/9
  3078 | D:3      | Learned a level 3 spell: Mephitic Cloud
  3086 | D:3      | Reached XP level 6. HP: 36/36 MP: 7/10
  3201 | D:3      | Found an ornate altar of the Wu Jian Council.
  3512 | D:3      | Found a sparkling altar of Nemelex Xobeh.
  3575 | D:3      | Noticed Terence
  3582 | D:3      | Killed Terence
  3913 | D:4      | Reached skill level 1 in Poison Magic
  4088 | D:4      | Found a shadowy altar of Dithmenos.
  4110 | D:4      | Noticed Menkaure
  4124 | D:4      | Killed Menkaure
  4125 | D:4      | Reached skill level 5 in Stealth
  4125 | D:4      | Reached XP level 7. HP: 30/41 MP: 4/12
  4666 | D:4      | Found a bloodstained altar of Trog.
  4900 | D:4      | Found a sacrificial altar of Ru.
  5027 | D:4      | Found a runed translucent door.
  5028 | D:4      | Noticed Crazy Yiuf
  5035 | D:4      | Killed Crazy Yiuf
  5563 | D:5      | Entered Level 5 of the Dungeon
  5623 | D:5      | Noticed Blork the orc
  5631 | D:5      | Killed Blork the orc
  5632 | D:5      | Reached XP level 8. HP: 29/46 MP: 3/13
  5804 | D:5      | Reached skill level 6 in Stealth
  6046 | D:5      | Reached skill level 5 in Fire Magic
  7092 | D:6      | Reached skill level 7 in Stealth
  7127 | D:6      | Found a staircase to the Ecumenical Temple.
  7156 | D:6      | Reached skill level 5 in Dodging
  7156 | D:6      | Reached XP level 9. HP: 50/51 MP: 2/16
  7280 | Temple   | Entered the Ecumenical Temple
  7334 | Temple   | Became a worshipper of Hepliaklqana the Forgotten
  8133 | D:6      | Noticed SweetAndFullOfGrace's ghost (novice MiBe)
  8138 | D:6      | Found a runed translucent door.
  8761 | D:7      | Noticed Prince Ribbit
  8780 | D:7      | Killed Prince Ribbit
  8781 | D:7      | Reached skill level 5 in Spellcasting
  8781 | D:7      | Reached skill level 5 in Conjurations
  8781 | D:7      | Reached skill level 5 in Poison Magic
  8954 | D:7      | Reached * piety under Hepliaklqana
  9061 | D:7      | Reached skill level 8 in Stealth
  9099 | D:7      | Noticed a hornet
  9110 | D:7      | Killed a hornet
  9547 | D:7      | Found a shimmering altar of Xom.
  9549 | D:7      | Found a sacrificial altar of Ru.
  9549 | D:7      | Found a stormy altar of Qazlal.
  9551 | D:7      | Found a sparkling altar of Nemelex Xobeh.
  9551 | D:7      | Found a basalt altar of Yredelemnul.
  9551 | D:7      | Found a shimmering altar of Xom.
  9737 | D:8      | Noticed a cyclops
  9746 | D:8      | Killed a cyclops
  9756 | D:8      | Reached XP level 10. HP: 32/50 MP: 1/18
 10285 | D:8      | Found a basalt altar of Yredelemnul.
 10287 | D:8      | Found a shimmering blue altar of Sif Muna.
 10289 | D:8      | Found an opulent altar of Gozag.
 10289 | D:8      | Found a glowing silver altar of Zin.
 10884 | D:8      | Noticed an elephant
 10891 | D:8      | Reached skill level 9 in Stealth
 10900 | D:8      | Killed an elephant
 10903 | D:8      | HP: 2/50 [yak (12)]
 11156 | D:8      | Found a staircase to the Lair.
 11209 | D:8      | Found a glowing golden altar of the Shining One.
 11275 | D:8      | Reached ** piety under Hepliaklqana
 11276 | D:8      | Remembered your ancestor Teicuih as a battlemage
 12557 | D:9      | Mangled by an orc warrior

Illustrated notes

Levels and vault maps discovered:
D:1:      minmay_arrival_radiant_lines, layout_loops_ring, serial_shops,
          nicolae_shop_trees, hangedman_decor_growths, dk_noncrumbling_4,
          minivault_19, kennysheep_minor_cross
D:2:      layout_loops_ring, shapermc_ecumenical_altar_mp_ritualfount
D:3:      layout_basic, nemelex_xobeh_ov_fountains_minmay,
          mainiacjoe_overflow_alcove_2, gup_sewer_entry_pipe,
          chequers_serial_rivers_large_b, uniq_terence
D:4:      layout_loops_ring, trog_ov_bears_minmay,
          nicolae_dithmenos_shadow_blocks, nicolae_ru_great_annihilating_truth,
          chequers_serial_rivers_small_b, grunt_ministairs_6, roderic_batcave,
          uniq_menkaure, uniq_crazy_yiuf_cottage
D:5:      layout_loops_corners, st_stairs_5, uniq_blork_the_orc
D:6:      layout_basic, minmay_temple_entry_wispy,
          hellmonk_ghost_happy_afterlife
D:7:      layout_cave_pools, doesnt_xom_only_xom, minmay_misc_feat_diagonals,
          hangedman_decor_riveting, grunt_ministairs_14, uniq_prince_ribbit1
D:8:      layout_loops_ring, nicolae_overflow_crystal_walls,
          grunt_temple_overflow_open, david_lair_generic, minmay_diced_spiral
D:9:      layout_rooms, lemuel_crystal_altar
Temple:   jpeg_temple_alley_garden

Skill      XL: |  1  2  3  4  5  6  7  8  9 10 |
---------------+-------------------------------+-----
Stealth        | 3 4 5 7 8 9 |  9.5
Conjurations   | 2 3 4 5 6 |  6.3
Dodging        | 3 4 5 6 |  6.7
Spellcasting   | 3 4 5 6 |  6.1
Fire Magic     | 4 5 6 7 |  7.0
Poison Magic   | 1 3 4 5 6 |  6.8

Action                   |  1- 3 |  4- 6 |  7- 9 | 10-12 || total
-------------------------+-------+-------+-------+-------++-------
Melee: Unarmed           |     1 |       |       |       ||     1
       Short sword       |     9 |       |       |       ||     9
       Constrict         |     5 |    12 |    15 |     6 ||    38
       Dagger            |    14 |    38 |     4 |       ||    56
       Tentacles         |     2 |    11 |    19 |     9 ||    41
       Quarterstaff      |       |       |    61 |    35 ||    96
       Punch             |       |       |     2 |       ||     2
 Cast: Foxfire           |    36 |    56 |    62 |    27 ||   181
       Scorch            |     7 |    32 |    83 |    19 ||   141
       Mephitic Cloud    |       |       |     2 |       ||     2
Invok: Ancestor Life: Ba |       |       |       |     1 ||     1
  Use: Scroll            |     4 |     5 |     3 |     5 ||    17
       Potion            |       |     2 |     1 |     4 ||     7
 Stab: Distracted        |     1 |       |       |       ||     1
       Sleeping          |       |     2 |     5 |       ||     7
       Confused          |       |       |     2 |       ||     2
Armor: Skin              |       |     7 |     5 |     3 ||    15
Dodge: Dodged            |    22 |    32 |    83 |    47 ||   184
